[ AOE2 MATCH · #463539507 ]
Team RMTeutons vs Persians
[ REPLAY ANALYSIS · EXTRACTED FROM THE RECORDED GAME ]
Feudal
13:39
Castle
21:56
Imperial
32:42
| APM avg | 9.0 |
| APM peak | 26 |
| eAPM avg | 8.2 |
| Villagers / military | 92 / 342 |
Focus
⚔️ 44.3% · 🌾 55.7%
Teutonic Knight ×174 · Skirmisher ×163 · Trebuchet (Packed) ×5
Feudal
11:18
Castle
22:06
Imperial
40:15
| APM avg | 20.5 |
| APM peak | 121 |
| eAPM avg | 14.7 |
| Villagers / military | 84 / 171 |
Focus
⚔️ 46.6% · 🌾 53.4%
Camel Scout ×36 · Janissary ×34 · Scorpion ×24 · Knight ×22 · Militia ×20 · Bombard Cannon ×10
Feudal
10:55
Castle
29:39
Imperial
—
| APM avg | 13.4 |
| APM peak | 50 |
| eAPM avg | 7.2 |
| Villagers / military | 66 / 60 |
Focus
⚔️ 24.8% · 🌾 75.2%
War Elephant ×59 · Scout Cavalry ×1
Feudal
11:41
Castle
22:42
Imperial
38:39
| APM avg | 15.4 |
| APM peak | 53 |
| eAPM avg | 12.3 |
| Villagers / military | 81 / 143 |
Focus
⚔️ 58.4% · 🌾 41.6%
Unknown (2579) ×163 · Skirmisher ×134 · Unknown (2550) ×11 · Unknown (2582) ×6 · Spearman ×4 · Monk ×3
Feudal
12:44
Castle
40:53
Imperial
60:34
| APM avg | 14.5 |
| APM peak | 71 |
| eAPM avg | 11.2 |
| Villagers / military | 217 / 48 |
Focus
⚔️ 12.8% · 🌾 87.2%
Huskarl ×35 · Trade Cart ×10 · Spearman ×8 · Militia ×4 · Monk ×1
Feudal
14:28
Castle
23:22
Imperial
—
| APM avg | 4.3 |
| APM peak | 21 |
| eAPM avg | 3.3 |
| Villagers / military | 66 / 13 |
Focus
⚔️ 16.3% · 🌾 83.7%
War Wagon ×8 · Scorpion ×3 · Monk ×1 · Petard ×1 · Trade Cart ×1
Match map
Initial resources + every placement click. Lines = walls · curves = elevation contours. ◆ gold · ⬟ stone · ● berries · ✦ relic · ◌ wall gap
Inputs per minute
— DER ENERGIEBERATER - - steve
Build order — DER ENERGIEBERATER
First 150 of 297 actions detected
| 0:10 | Create | Villager (Male) |
| 0:10 | Create | Villager (Male) |
| 0:11 | Create | Villager (Male) |
| 0:11 | Create | Villager (Male) |
| 0:16 | Build | House |
| 0:19 | Build | House |
| 2:18 | Create | Villager (Male) |
| 2:26 | Create | Villager (Male) |
| 2:49 | Create | Villager (Male) |
| 2:59 | Build | House |
| 3:01 | Build | House |
| 3:20 | Build | Mill |
| 3:24 | Create | Villager (Male) |
| 3:51 | Create | Villager (Male) |
| 3:55 | Create | Villager (Male) |
| 4:33 | Create | Villager (Male) |
| 4:45 | Create | Villager (Male) |
| 5:05 | Research | Loom |
| 5:06 | Create | Villager (Male) |
| 5:23 | Create | Villager (Male) |
| 6:01 | Create | Villager (Male) |
| 6:01 | Create | Villager (Male) |
| 6:09 | Create | Villager (Male) |
| 6:22 | Build | Palisade Wall |
| 7:01 | Create | Villager (Male) |
| 7:01 | Create | Villager (Male) |
| 7:01 | Create | Villager (Male) |
| 7:32 | Create | Villager (Male) |
| 7:33 | Create | Villager (Male) |
| 8:23 | Build | House |
| 8:31 | Create | Villager (Male) |
| 8:56 | Build | House |
| 9:05 | Create | Villager (Male) |
| 9:07 | Create | Villager (Male) |
| 10:11 | Build | Lumber Camp |
| 10:34 | Build | Palisade Wall |
| 11:16 | Research | Feudal Age |
| 11:22 | Build | Mining Camp |
| 12:24 | Create | Villager (Male) ×5 |
| 12:24 | Create | Villager (Male) ×5 |
| 12:36 | Build | Barracks |
| 13:11 | Build | Palisade Wall |
| 13:31 | Build | House |
| 13:33 | Build | House |
| 13:39 | Age | Feudal Age |
| 13:54 | Build | Market |
| 14:02 | Build | Blacksmith |
| 14:23 | Build | Mining Camp |
| 14:41 | Build | Palisade Wall |
| 15:02 | Build | Farm |
| 15:19 | Build | Farm |
| 15:20 | Build | Farm |
| 15:20 | Build | Farm |
| 15:23 | Build | Farm |
| 15:26 | Build | Farm |
| 15:49 | Build | Farm |
| 16:55 | Build | Farm |
| 17:02 | Build | Farm |
| 17:24 | Create | Villager (Male) |
| 17:24 | Create | Villager (Male) |
| 17:28 | Build | Farm |
| 18:17 | Build | Farm |
| 18:46 | Build | Farm |
| 18:51 | Create | Villager (Male) |
| 19:02 | Build | Farm |
| 19:04 | Build | Farm |
| 19:05 | Build | Farm |
| 19:05 | Build | Farm |
| 19:07 | Build | Farm |
| 19:08 | Build | Farm |
| 19:09 | Build | Farm |
| 19:15 | Research | Castle Age |
| 20:01 | Build | House |
| 20:03 | Build | House |
| 20:04 | Build | House |
| 20:05 | Build | House |
| 20:06 | Build | House |
| 20:09 | Build | House |
| 20:17 | Research | Arson |
| 20:21 | Research | Scale Mail Armor |
| 20:29 | Research | Forging |
| 21:18 | Research | Double-Bit Axe |
| 21:22 | Research | Horse Collar |
| 21:29 | Research | Stone Mining |
| 21:32 | Research | Gold Mining |
| 21:45 | Create | Villager (Male) |
| 21:46 | Create | Villager (Male) |
| 21:56 | Age | Castle Age |
| 22:09 | Build | Town Center |
| 22:14 | Create | Villager (Male) ×3 |
| 22:28 | Build | Castle |
| 22:36 | Create | Villager (Male) |
| 22:37 | Create | Villager (Male) |
| 22:37 | Create | Villager (Male) |
| 22:57 | Build | Farm |
| 22:58 | Build | Farm |
| 22:59 | Build | Farm |
| 22:59 | Build | Farm |
| 23:07 | Create | Villager (Male) |
| 23:07 | Create | Villager (Male) |
| 23:07 | Create | Villager (Male) |
| 24:28 | Create | Villager (Male) ×5 |
| 24:28 | Create | Villager (Male) ×5 |
| 24:51 | Research | Wheelbarrow |
| 25:18 | Build | Stone Wall |
| 25:32 | Build | Stone Wall |
| 25:49 | Build | Stone Wall |
| 25:56 | Research | Iron Casting |
| 25:59 | Research | Chain Mail Armor |
| 26:33 | Build | Farm |
| 26:34 | Build | Farm |
| 26:36 | Build | Farm |
| 26:38 | Build | Farm |
| 26:44 | Build | Farm |
| 27:24 | Build | Farm |
| 27:29 | Build | Farm |
| 27:38 | Create | Villager (Male) |
| 27:39 | Create | Villager (Male) |
| 27:39 | Create | Villager (Male) |
| 27:47 | Research | Hand Cart |
| 28:19 | Create | Villager (Male) |
| 28:20 | Create | Villager (Male) |
| 28:21 | Create | Villager (Male) |
| 28:22 | Create | Villager (Male) |
| 28:29 | Build | Farm |
| 28:32 | Build | Farm |
| 29:15 | Research | Imperial Age |
| 29:23 | Build | Archery Range |
| 29:28 | Build | Archery Range |
| 29:34 | Research | Fletching |
| 29:35 | Research | Padded Archer Armor |
| 29:46 | Build | Mining Camp |
| 29:50 | Create | Villager (Male) |
| 29:50 | Create | Villager (Male) |
| 29:50 | Create | Villager (Male) |
| 29:51 | Create | Villager (Male) |
| 29:51 | Create | Villager (Male) |
| 29:51 | Create | Villager (Male) |
| 29:52 | Create | Villager (Male) |
| 29:59 | Build | University |
| 30:08 | Research | Elite Skirmisher (upgrade) |
| 30:33 | Create | Skirmisher |
| 30:33 | Create | Skirmisher |
| 30:34 | Create | Skirmisher |
| 30:36 | Create | Skirmisher |
| 30:46 | Research | Bodkin Arrow |
| 30:59 | Create | Skirmisher |
| 31:00 | Create | Skirmisher |
| 31:01 | Create | Skirmisher |
| 31:01 | Create | Skirmisher |
Build order — steve
First 150 of 357 actions detected
| 0:07 | Build | House |
| 0:09 | Create | Villager (Male) |
| 0:27 | Create | Villager (Male) |
| 0:28 | Research | Loom |
| 0:42 | Create | Villager (Male) |
| 0:56 | Build | House |
| 1:00 | Build | House |
| 1:10 | Create | Villager (Male) |
| 1:55 | Create | Villager (Male) |
| 1:55 | Create | Villager (Male) |
| 2:02 | Build | House |
| 2:28 | Create | Villager (Male) |
| 2:47 | Create | Villager (Male) |
| 3:22 | Create | Villager (Male) |
| 3:22 | Create | Villager (Male) |
| 3:47 | Create | Villager (Male) |
| 3:56 | Create | Villager (Male) |
| 4:01 | Build | Mill |
| 4:20 | Create | Villager (Male) |
| 5:00 | Create | Villager (Male) |
| 5:12 | Create | Villager (Male) |
| 5:36 | Create | Villager (Male) |
| 6:03 | Create | Villager (Male) |
| 6:39 | Create | Villager (Male) |
| 7:04 | Create | Villager (Male) |
| 7:05 | Create | Villager (Male) |
| 7:22 | Create | Villager (Male) |
| 7:48 | Build | Lumber Camp |
| 8:01 | Create | Villager (Male) |
| 9:08 | Research | Feudal Age |
| 9:38 | Build | House |
| 10:13 | Create | Villager (Male) |
| 10:44 | Build | Barracks |
| 11:18 | Age | Feudal Age |
| 11:19 | Create | Villager (Male) |
| 11:21 | Create | Villager (Male) |
| 11:23 | Research | Wheelbarrow |
| 11:41 | Research | Double-Bit Axe |
| 12:00 | Build | Mining Camp |
| 12:35 | Build | Farm |
| 12:38 | Build | Farm |
| 12:42 | Build | Farm |
| 12:45 | Build | Farm |
| 12:49 | Build | Farm |
| 12:52 | Build | Farm |
| 13:13 | Build | House |
| 13:21 | Create | Spearman |
| 13:21 | Create | Spearman |
| 13:21 | Create | Spearman |
| 13:27 | Create | Spearman |
| 13:55 | Create | Villager (Male) |
| 13:55 | Create | Villager (Male) |
| 14:16 | Build | Mill |
| 15:02 | Research | Horse Collar |
| 15:06 | Create | Villager (Male) |
| 15:28 | Create | Villager (Male) |
| 15:38 | Build | Archery Range |
| 15:45 | Build | House |
| 15:55 | Create | Villager (Male) |
| 16:32 | Create | Villager (Male) |
| 16:32 | Create | Villager (Male) |
| 16:50 | Create | Archer |
| 16:59 | Build | Blacksmith |
| 17:11 | Create | Villager (Male) |
| 17:33 | Build | Farm |
| 17:36 | Create | Villager (Male) |
| 17:52 | Build | Farm |
| 17:56 | Create | Villager (Male) |
| 17:56 | Create | Villager (Male) |
| 18:00 | Research | Forging |
| 18:02 | Create | Archer |
| 18:02 | Create | Archer |
| 18:05 | Build | House |
| 18:07 | Build | House |
| 18:11 | Build | House |
| 18:22 | Create | Archer |
| 18:33 | Build | Mining Camp |
| 18:40 | Build | Farm |
| 18:47 | Create | Archer |
| 19:04 | Build | Farm |
| 19:08 | Research | Castle Age |
| 19:42 | Create | Archer |
| 19:54 | Research | Padded Archer Armor |
| 19:58 | Create | Archer |
| 20:00 | Build | House |
| 20:02 | Build | House |
| 20:16 | Build | Stable |
| 20:37 | Research | Gold Mining |
| 20:41 | Create | Archer |
| 20:46 | Research | Man-at-Arms (upgrade) |
| 20:52 | Research | Scale Mail Armor |
| 21:17 | Create | Archer |
| 21:20 | Create | Militia |
| 21:21 | Create | Militia |
| 21:21 | Create | Militia |
| 21:28 | Build | House |
| 21:30 | Build | House |
| 21:43 | Create | Villager (Male) |
| 21:59 | Create | Militia |
| 22:06 | Age | Castle Age |
| 22:07 | Create | Villager (Male) |
| 22:08 | Create | Villager (Male) |
| 22:24 | Research | Stone Mining |
| 23:23 | Build | Stone Wall |
| 23:31 | Research | Crossbowman (upgrade) |
| 23:34 | Create | Knight |
| 23:35 | Create | Knight |
| 23:38 | Create | Camel Scout |
| 23:51 | Create | Villager (Male) |
| 23:52 | Create | Villager (Male) |
| 24:19 | Build | Siege Workshop |
| 24:25 | Build | Farm |
| 24:29 | Create | Villager (Male) |
| 24:41 | Create | Villager (Male) |
| 24:55 | Build | Lumber Camp |
| 25:05 | Create | Villager (Male) |
| 25:14 | Build | Farm |
| 25:17 | Create | Villager (Male) |
| 25:21 | Create | Scorpion |
| 25:21 | Create | Scorpion |
| 25:35 | Create | Villager (Male) |
| 25:39 | Build | Farm |
| 25:49 | Create | Scorpion |
| 26:10 | Build | Farm |
| 26:11 | Create | Villager (Male) |
| 26:20 | Create | Scorpion |
| 26:22 | Build | House |
| 26:24 | Build | House |
| 26:25 | Build | House |
| 26:32 | Create | Villager (Male) |
| 26:36 | Build | Farm |
| 26:49 | Build | Farm |
| 26:55 | Create | Scorpion |
| 26:57 | Create | Camel Scout |
| 27:15 | Create | Villager (Male) |
| 27:23 | Research | Gold Shaft Mining |
| 27:31 | Create | Scorpion |
| 28:13 | Create | Scorpion |
| 28:17 | Create | Villager (Male) |
| 28:18 | Create | Villager (Male) |
| 28:20 | Research | Hand Cart |
| 28:42 | Build | Castle |
| 28:50 | Create | Scorpion |
| 29:07 | Build | House |
| 29:09 | Build | House |
| 29:11 | Build | House |
| 29:17 | Create | Scorpion |
| 29:34 | Create | Scorpion |
| 29:39 | Create | Camel Scout |
| 30:20 | Create | Battering Ram |
Build order — seniledogs
First 150 of 264 actions detected
| 0:01 | Create | Villager (Male) |
| 0:02 | Create | Villager (Male) |
| 0:02 | Create | Villager (Male) |
| 0:03 | Build | House |
| 0:05 | Build | House |
| 0:41 | Create | Villager (Male) |
| 1:20 | Create | Villager (Male) |
| 1:20 | Create | Villager (Male) |
| 1:44 | Build | Lumber Camp |
| 1:54 | Create | Villager (Male) |
| 1:55 | Create | Villager (Male) |
| 2:21 | Create | Villager (Male) |
| 2:21 | Create | Villager (Male) |
| 3:43 | Create | Villager (Male) |
| 3:43 | Create | Villager (Male) |
| 3:43 | Create | Villager (Male) |
| 4:13 | Build | House |
| 4:20 | Build | Mill |
| 4:59 | Create | Villager (Male) |
| 5:00 | Create | Villager (Male) |
| 5:36 | Create | Villager (Male) |
| 5:36 | Create | Villager (Male) |
| 5:36 | Create | Villager (Male) |
| 5:41 | Create | Villager (Male) |
| 5:42 | Create | Villager (Male) |
| 6:07 | Create | Villager (Male) |
| 6:07 | Create | Villager (Male) |
| 6:15 | Research | Loom |
| 7:14 | Create | Villager (Male) |
| 8:51 | Research | Feudal Age |
| 10:55 | Age | Feudal Age |
| 11:02 | Create | Villager (Male) |
| 11:14 | Build | House |
| 11:52 | Build | House |
| 11:56 | Build | Palisade Wall |
| 11:59 | Build | House |
| 12:01 | Build | House |
| 12:02 | Build | House |
| 12:34 | Build | Town Center |
| 13:34 | Create | Villager (Male) |
| 13:34 | Create | Villager (Male) |
| 13:34 | Create | Villager (Male) |
| 13:34 | Create | Villager (Male) |
| 13:34 | Create | Villager (Male) |
| 14:11 | Research | Double-Bit Axe |
| 14:34 | Build | Mining Camp |
| 15:06 | Create | Villager (Male) |
| 15:48 | Create | Villager (Male) |
| 16:18 | Create | Villager (Male) |
| 17:07 | Build | Watch Tower |
| 17:51 | Build | Mining Camp |
| 17:54 | Create | Villager (Male) |
| 17:59 | Create | Villager (Male) |
| 18:41 | Build | Barracks |
| 19:09 | Create | Villager (Male) |
| 20:07 | Create | Villager (Male) |
| 20:50 | Build | Mill |
| 21:09 | Build | Farm |
| 21:10 | Build | Farm |
| 22:54 | Build | Stable |
| 23:01 | Build | Stable |
| 23:12 | Build | Farm |
| 23:14 | Build | Farm |
| 23:25 | Create | Villager (Male) |
| 23:26 | Create | Villager (Male) |
| 23:59 | Build | Blacksmith |
| 24:06 | Build | Market |
| 24:15 | Build | Farm |
| 24:22 | Research | Horse Collar |
| 24:44 | Build | Mining Camp |
| 25:05 | Build | Palisade Wall |
| 25:10 | Create | Villager (Male) |
| 25:27 | Research | Bloodlines |
| 26:11 | Build | Farm |
| 26:38 | Create | Scout Cavalry |
| 27:13 | Research | Castle Age |
| 29:39 | Age | Castle Age |
| 29:52 | Build | Town Center |
| 30:08 | Create | Villager (Male) |
| 30:12 | Create | Villager (Male) |
| 30:12 | Create | Villager (Male) |
| 30:18 | Research | Husbandry |
| 31:07 | Create | Villager (Male) |
| 31:22 | Create | Villager (Male) |
| 31:22 | Create | Villager (Male) |
| 31:22 | Create | Villager (Male) |
| 31:22 | Create | Villager (Male) |
| 32:35 | Build | Farm |
| 32:48 | Research | Heavy Plow |
| 33:13 | Build | Farm |
| 33:47 | Build | Castle |
| 34:11 | Create | Villager (Male) |
| 34:11 | Create | Villager (Male) |
| 34:11 | Create | Villager (Male) |
| 34:11 | Create | Villager (Male) |
| 34:12 | Create | Villager (Male) |
| 34:12 | Create | Villager (Male) |
| 34:41 | Create | War Elephant |
| 34:41 | Create | War Elephant |
| 34:41 | Create | War Elephant |
| 34:42 | Create | War Elephant |
| 34:42 | Create | War Elephant |
| 35:18 | Build | Farm |
| 35:20 | Build | Farm |
| 35:21 | Build | Farm |
| 35:22 | Build | Farm |
| 35:22 | Build | Farm |
| 35:23 | Build | Farm |
| 36:58 | Build | Mill |
| 37:36 | Build | Farm |
| 37:37 | Build | Farm |
| 37:37 | Build | Farm |
| 37:37 | Build | Farm |
| 37:38 | Build | Farm |
| 38:07 | Build | Mining Camp |
| 38:55 | Create | Villager (Male) |
| 38:56 | Create | Villager (Male) |
| 39:15 | Create | War Elephant |
| 39:16 | Create | War Elephant |
| 39:17 | Create | War Elephant |
| 39:37 | Create | Villager (Male) |
| 39:41 | Create | Villager (Male) |
| 40:16 | Build | Farm |
| 40:30 | Build | Farm |
| 40:55 | Build | Farm |
| 41:02 | Build | Farm |
| 41:03 | Build | Farm |
| 41:04 | Build | Farm |
| 41:33 | Create | Villager (Male) |
| 41:47 | Research | Bow Saw |
| 42:08 | Build | Farm |
| 42:34 | Create | War Elephant |
| 42:34 | Create | War Elephant |
| 42:34 | Create | War Elephant |
| 42:34 | Create | War Elephant |
| 42:35 | Create | War Elephant |
| 42:35 | Create | War Elephant |
| 42:35 | Create | War Elephant |
| 43:09 | Build | Town Center |
| 45:53 | Build | Farm |
| 45:55 | Build | Farm |
| 45:55 | Build | Farm |
| 45:56 | Build | Farm |
| 45:56 | Build | Farm |
| 45:57 | Build | Farm |
| 46:45 | Build | Farm |
| 46:47 | Build | Farm |
| 46:49 | Build | Farm |
| 47:26 | Build | Castle |
| 47:59 | Build | Blacksmith |
Build order — gub Gub
First 150 of 512 actions detected
| 0:01 | Create | Villager (Male) |
| 0:02 | Create | Villager (Male) |
| 0:03 | Build | House |
| 0:06 | Build | House |
| 0:16 | Create | Villager (Male) |
| 0:16 | Create | Villager (Male) |
| 1:12 | Create | Villager (Male) |
| 1:50 | Build | Settlement |
| 2:05 | Create | Villager (Male) |
| 2:28 | Create | Villager (Male) |
| 2:44 | Create | Villager (Male) |
| 3:30 | Create | Villager (Male) |
| 3:47 | Create | Villager (Male) |
| 3:51 | Create | Villager (Male) |
| 4:11 | Build | Settlement |
| 4:29 | Create | Villager (Male) |
| 4:57 | Create | Villager (Male) |
| 5:37 | Create | Villager (Male) |
| 5:38 | Create | Villager (Male) |
| 6:53 | Build | Settlement |
| 6:56 | Create | Villager (Male) |
| 7:25 | Create | Villager (Male) |
| 8:16 | Build | Barracks |
| 8:49 | Create | Villager (Male) |
| 9:19 | Build | Farm |
| 9:31 | Research | Feudal Age |
| 9:40 | Create | Unit 2550 |
| 10:34 | Build | Farm |
| 10:35 | Build | Farm |
| 10:35 | Build | Farm |
| 10:36 | Build | Farm |
| 10:37 | Build | Farm |
| 10:38 | Build | Farm |
| 10:39 | Build | Farm |
| 10:39 | Build | Farm |
| 10:46 | Create | Villager (Male) |
| 10:52 | Create | Unit 2550 |
| 10:54 | Create | Unit 2550 |
| 11:41 | Age | Feudal Age |
| 11:45 | Research | Tech 1402 |
| 11:55 | Create | Villager (Male) |
| 12:11 | Build | Blacksmith |
| 12:14 | Build | Market |
| 12:25 | Create | Villager (Male) |
| 12:33 | Create | Villager (Male) |
| 12:39 | Research | Arson |
| 12:51 | Create | Villager (Male) |
| 13:06 | Build | House |
| 13:08 | Build | House |
| 13:10 | Build | House |
| 13:12 | Build | House |
| 13:13 | Build | House |
| 13:22 | Research | Scale Mail Armor |
| 13:34 | Build | Farm |
| 13:43 | Create | Villager (Male) |
| 14:01 | Create | Villager (Male) |
| 14:17 | Create | Unit 2550 |
| 14:23 | Build | Settlement |
| 14:31 | Create | Villager (Male) |
| 14:35 | Build | Farm |
| 14:44 | Research | Horse Collar |
| 14:52 | Build | Farm |
| 14:59 | Create | Villager (Male) |
| 15:07 | Build | Farm |
| 15:20 | Create | Villager (Male) |
| 15:37 | Create | Villager (Male) |
| 15:41 | Create | Unit 2550 |
| 15:50 | Build | House |
| 16:26 | Build | Farm |
| 16:28 | Create | Villager (Male) |
| 16:39 | Research | Forging |
| 16:44 | Create | Spearman |
| 16:45 | Create | Spearman |
| 16:52 | Create | Villager (Male) |
| 17:13 | Create | Villager (Male) |
| 17:46 | Build | Farm |
| 18:47 | Build | Farm |
| 19:54 | Create | Spearman |
| 19:54 | Create | Spearman |
| 20:02 | Research | Castle Age |
| 21:24 | Create | Villager (Male) |
| 21:24 | Create | Villager (Male) |
| 21:27 | Create | Unit 2550 |
| 21:27 | Create | Unit 2550 |
| 21:28 | Create | Unit 2550 |
| 21:28 | Create | Unit 2550 |
| 21:47 | Research | Fletching |
| 22:42 | Age | Castle Age |
| 23:19 | Research | Squires |
| 23:21 | Create | Unit 2582 |
| 23:29 | Create | Villager (Male) |
| 23:29 | Create | Villager (Male) |
| 23:30 | Create | Villager (Male) |
| 23:56 | Research | Padded Archer Armor |
| 24:04 | Create | Villager (Male) |
| 24:05 | Create | Villager (Male) |
| 24:11 | Create | Unit 2582 |
| 24:23 | Build | Town Center |
| 24:51 | Create | Villager (Male) |
| 24:58 | Research | Bodkin Arrow |
| 25:05 | Build | Archery Range |
| 25:08 | Build | Archery Range |
| 25:19 | Create | Villager (Male) |
| 25:42 | Create | Villager (Male) |
| 25:54 | Build | Monastery |
| 25:57 | Build | University |
| 26:07 | Research | Elite Skirmisher (upgrade) |
| 26:10 | Create | Villager (Male) |
| 26:21 | Create | Villager (Male) |
| 26:47 | Create | Unit 2582 |
| 26:51 | Create | Unit 2582 |
| 27:11 | Create | Skirmisher |
| 27:12 | Create | Skirmisher |
| 27:12 | Create | Skirmisher |
| 27:13 | Create | Skirmisher |
| 27:14 | Create | Skirmisher |
| 27:16 | Create | Skirmisher |
| 27:19 | Create | Villager (Male) |
| 27:19 | Create | Villager (Male) |
| 27:37 | Create | Unit 2550 |
| 27:49 | Create | Villager (Male) |
| 27:57 | Create | Monk |
| 28:15 | Build | House |
| 28:17 | Build | House |
| 28:17 | Build | House |
| 28:18 | Build | House |
| 28:24 | Build | House |
| 28:25 | Build | House |
| 28:26 | Build | House |
| 28:26 | Build | House |
| 28:29 | Build | House |
| 28:29 | Build | House |
| 28:30 | Build | House |
| 28:31 | Build | House |
| 28:38 | Research | Leather Archer Armor |
| 28:45 | Create | Unit 2582 |
| 28:57 | Create | Villager (Male) |
| 28:58 | Create | Villager (Male) |
| 28:59 | Create | Villager (Male) |
| 29:21 | Create | Villager (Male) |
| 29:35 | Create | Villager (Male) |
| 29:41 | Create | Unit 2550 |
| 29:43 | Create | Unit 2582 |
| 29:51 | Create | Monk |
| 30:20 | Build | Castle |
| 30:29 | Build | Town Center |
| 30:37 | Create | Villager (Male) |
| 30:44 | Create | Villager (Male) |
| 30:44 | Create | Villager (Male) |
| 30:49 | Create | Skirmisher |
Build order — Thor Odinson
First 150 of 344 actions detected
| 0:04 | Create | Villager (Male) ×4 |
| 0:04 | Create | Villager (Male) ×4 |
| 0:14 | Build | House |
| 0:14 | Build | House |
| 0:16 | Build | House |
| 0:19 | Build | House |
| 0:30 | Research | Loom |
| 1:45 | Create | Villager (Male) |
| 1:46 | Create | Villager (Male) |
| 1:57 | Build | Mill |
| 2:28 | Create | Villager (Male) |
| 2:28 | Create | Villager (Male) |
| 2:43 | Create | Villager (Male) |
| 3:14 | Create | Villager (Male) |
| 3:14 | Create | Villager (Male) |
| 3:14 | Create | Villager (Male) |
| 4:21 | Create | Villager (Male) ×2 |
| 4:21 | Create | Villager (Male) ×2 |
| 4:55 | Create | Villager (Male) ×3 |
| 5:38 | Create | Villager (Male) |
| 5:38 | Create | Villager (Male) |
| 5:39 | Create | Villager (Male) |
| 7:22 | Build | Lumber Camp |
| 8:23 | Build | Barracks |
| 8:30 | Create | Villager (Male) |
| 8:31 | Create | Villager (Male) |
| 8:45 | Create | Villager (Male) |
| 9:06 | Build | Mining Camp |
| 10:34 | Research | Feudal Age |
| 10:47 | Build | Farm |
| 10:48 | Build | Farm |
| 10:50 | Build | Farm |
| 10:51 | Build | Farm |
| 10:54 | Build | Farm |
| 11:09 | Build | Farm |
| 11:16 | Build | Farm |
| 11:24 | Build | Farm |
| 12:12 | Create | Villager (Male) |
| 12:25 | Build | House |
| 12:26 | Build | House |
| 12:28 | Build | House |
| 12:29 | Build | House |
| 12:32 | Build | House |
| 12:33 | Build | House |
| 12:35 | Build | House |
| 12:37 | Build | House |
| 12:44 | Age | Feudal Age |
| 13:19 | Create | Spearman ×5 |
| 14:15 | Build | Palisade Gate |
| 14:19 | Create | Villager (Male) ×5 |
| 14:31 | Build | Lumber Camp |
| 14:53 | Build | Mining Camp |
| 16:44 | Build | Mining Camp |
| 16:50 | Create | Spearman |
| 16:52 | Research | Man-at-Arms (upgrade) |
| 20:21 | Build | Lumber Camp |
| 20:29 | Create | Spearman |
| 20:29 | Create | Spearman |
| 21:32 | Build | Lumber Camp |
| 21:55 | Create | Militia |
| 21:55 | Create | Militia |
| 24:51 | Build | Town Center |
| 25:17 | Build | Market |
| 25:55 | Create | Villager (Male) ×2 |
| 26:24 | Build | House |
| 26:46 | Build | Farm |
| 27:07 | Build | House |
| 27:15 | Build | House |
| 27:16 | Build | House |
| 27:18 | Build | House |
| 27:21 | Build | House |
| 27:35 | Build | Farm |
| 28:31 | Create | Villager (Male) |
| 28:40 | Build | House |
| 28:54 | Build | Farm |
| 29:16 | Build | Farm |
| 29:58 | Create | Villager (Male) |
| 30:44 | Create | Villager (Male) |
| 30:51 | Build | Farm |
| 31:15 | Build | Farm |
| 31:18 | Create | Villager (Male) ×5 |
| 32:10 | Build | Blacksmith |
| 32:36 | Build | Mill |
| 32:39 | Build | Farm |
| 32:40 | Build | Farm |
| 32:41 | Build | Farm |
| 33:26 | Create | Militia |
| 33:27 | Create | Militia |
| 34:51 | Create | Villager (Male) |
| 34:52 | Create | Villager (Male) |
| 34:53 | Create | Villager (Male) |
| 34:53 | Create | Villager (Male) |
| 34:53 | Create | Villager (Male) |
| 34:54 | Create | Villager (Male) |
| 34:55 | Create | Villager (Male) |
| 34:56 | Create | Villager (Male) |
| 34:56 | Create | Villager (Male) |
| 35:10 | Build | Farm |
| 35:11 | Build | Farm |
| 35:11 | Build | Farm |
| 35:12 | Build | Farm |
| 35:12 | Build | Farm |
| 35:12 | Build | Farm |
| 35:52 | Build | House |
| 35:54 | Build | House |
| 35:56 | Build | House |
| 35:58 | Build | House |
| 36:01 | Build | House |
| 36:04 | Build | House |
| 36:06 | Build | House |
| 36:41 | Create | Villager (Male) |
| 37:16 | Create | Villager (Male) |
| 37:35 | Research | Horse Collar |
| 38:02 | Build | Lumber Camp |
| 38:13 | Research | Castle Age |
| 39:37 | Build | Mining Camp |
| 40:29 | Build | Barracks |
| 40:53 | Age | Castle Age |
| 41:10 | Create | Villager (Male) ×5 |
| 41:10 | Create | Villager (Male) ×5 |
| 41:10 | Create | Villager (Male) ×5 |
| 41:17 | Research | Double-Bit Axe |
| 42:17 | Build | Town Center |
| 43:02 | Build | Mining Camp |
| 43:23 | Research | Bow Saw |
| 44:04 | Build | Town Center |
| 44:13 | Create | Villager (Male) ×5 |
| 44:13 | Create | Villager (Male) ×5 |
| 44:13 | Create | Villager (Male) ×5 |
| 44:42 | Build | Town Center |
| 45:22 | Create | Villager (Male) |
| 45:22 | Create | Villager (Male) |
| 45:22 | Create | Villager (Male) |
| 45:22 | Create | Villager (Male) |
| 45:23 | Create | Villager (Male) |
| 45:23 | Create | Villager (Male) |
| 45:24 | Create | Villager (Male) |
| 45:40 | Create | Villager (Male) ×3 |
| 45:50 | Build | Farm |
| 45:50 | Build | Farm |
| 45:51 | Build | Farm |
| 45:51 | Build | Farm |
| 45:51 | Build | Farm |
| 45:52 | Build | Farm |
| 45:52 | Build | Farm |
| 45:52 | Build | Farm |
| 45:53 | Build | Farm |
| 45:53 | Build | Farm |
| 45:53 | Build | Farm |
| 46:02 | Create | Villager (Male) ×4 |
Build order — ghurkghurk
141 actions detected in the replay
| 0:16 | Build | House |
| 0:26 | Create | Villager (Male) |
| 0:27 | Create | Villager (Male) |
| 0:27 | Create | Villager (Male) |
| 0:27 | Create | Villager (Male) |
| 2:10 | Build | Lumber Camp |
| 2:23 | Create | Villager (Male) |
| 2:24 | Create | Villager (Male) |
| 4:22 | Create | Villager (Male) |
| 4:22 | Create | Villager (Male) |
| 4:22 | Create | Villager (Male) |
| 4:29 | Build | House |
| 4:59 | Build | Mill |
| 7:28 | Create | Villager (Male) |
| 7:28 | Create | Villager (Male) |
| 7:29 | Research | Loom |
| 8:14 | Build | Mining Camp |
| 8:40 | Create | Villager (Male) |
| 8:40 | Create | Villager (Male) |
| 8:40 | Create | Villager (Male) |
| 12:18 | Research | Feudal Age |
| 12:19 | Research | Feudal Age |
| 12:36 | Build | House |
| 12:38 | Build | House |
| 12:41 | Build | House |
| 13:48 | Build | Farm |
| 13:51 | Build | Farm |
| 13:54 | Build | Farm |
| 13:57 | Build | Farm |
| 14:00 | Build | Farm |
| 14:02 | Build | Farm |
| 14:07 | Create | Villager (Male) |
| 14:07 | Create | Villager (Male) |
| 14:28 | Age | Feudal Age |
| 14:30 | Research | Horse Collar |
| 16:15 | Create | Villager (Male) |
| 16:15 | Create | Villager (Male) |
| 16:16 | Create | Villager (Male) |
| 16:16 | Create | Villager (Male) |
| 16:16 | Create | Villager (Male) |
| 19:11 | Build | Blacksmith |
| 19:59 | Build | Market |
| 20:14 | Research | Double-Bit Axe |
| 20:42 | Research | Castle Age |
| 20:48 | Build | Farm |
| 20:49 | Build | Farm |
| 20:51 | Build | Farm |
| 21:13 | Build | Mining Camp |
| 21:32 | Create | Trade Cart |
| 21:56 | Research | Stone Mining |
| 21:56 | Research | Gold Mining |
| 22:15 | Create | Villager (Male) |
| 22:15 | Create | Villager (Male) |
| 23:22 | Age | Castle Age |
| 23:58 | Build | Farm |
| 24:10 | Create | Villager (Male) |
| 24:10 | Create | Villager (Male) |
| 24:11 | Create | Villager (Male) |
| 24:11 | Create | Villager (Male) |
| 24:11 | Create | Villager (Male) |
| 24:12 | Create | Villager (Male) |
| 24:12 | Create | Villager (Male) |
| 25:31 | Build | Castle |
| 26:02 | Build | House |
| 26:04 | Build | House |
| 26:56 | Build | Monastery |
| 27:42 | Create | Monk |
| 28:06 | Create | War Wagon |
| 28:08 | Create | War Wagon |
| 29:08 | Create | War Wagon |
| 29:10 | Create | Petard |
| 29:26 | Research | Wheelbarrow |
| 29:28 | Create | Villager (Male) |
| 29:28 | Create | Villager (Male) |
| 29:28 | Create | Villager (Male) |
| 29:29 | Create | Villager (Male) |
| 29:29 | Create | Villager (Male) |
| 29:29 | Create | Villager (Male) |
| 29:30 | Create | Villager (Male) |
| 29:30 | Create | Villager (Male) |
| 29:30 | Create | Villager (Male) |
| 29:30 | Create | Villager (Male) |
| 29:31 | Create | Villager (Male) |
| 30:46 | Build | Town Center |
| 32:13 | Create | War Wagon |
| 32:13 | Create | War Wagon |
| 32:46 | Build | Stone Wall |
| 34:03 | Build | Stone Wall |
| 35:24 | Research | Hand Cart |
| 35:25 | Create | Villager (Male) |
| 35:25 | Create | Villager (Male) |
| 35:26 | Create | Villager (Male) |
| 35:26 | Create | Villager (Male) |
| 35:26 | Create | Villager (Male) |
| 35:26 | Create | Villager (Male) |
| 35:27 | Create | Villager (Male) |
| 35:27 | Create | Villager (Male) |
| 35:27 | Create | Villager (Male) |
| 36:03 | Build | Stone Wall |
| 36:39 | Create | War Wagon |
| 36:40 | Create | War Wagon |
| 36:40 | Create | War Wagon |
| 37:02 | Build | Mining Camp |
| 37:27 | Build | Stone Wall |
| 38:02 | Create | Villager (Male) |
| 38:02 | Create | Villager (Male) |
| 38:02 | Create | Villager (Male) |
| 38:03 | Create | Villager (Male) |
| 38:03 | Create | Villager (Male) |
| 38:03 | Create | Villager (Male) |
| 38:03 | Create | Villager (Male) |
| 38:04 | Create | Villager (Male) |
| 38:04 | Create | Villager (Male) |
| 38:21 | Build | House |
| 38:23 | Build | House |
| 38:27 | Build | House |
| 38:31 | Research | Bow Saw |
| 38:37 | Create | Villager (Male) |
| 38:37 | Create | Villager (Male) |
| 38:37 | Create | Villager (Male) |
| 38:37 | Create | Villager (Male) |
| 38:38 | Create | Villager (Male) |
| 38:41 | Create | Villager (Male) |
| 38:41 | Create | Villager (Male) |
| 39:19 | Build | Mining Camp |
| 39:57 | Build | Castle |
| 40:15 | Build | Siege Workshop |
| 41:06 | Create | Scorpion |
| 41:06 | Create | Scorpion |
| 41:06 | Create | Scorpion |
| 41:43 | Build | Castle |
| 44:01 | Build | Castle |
| 44:52 | Build | Barracks |
| 46:24 | Research | Man-at-Arms (upgrade) |
| 46:25 | Research | Pikeman (upgrade) |
| 46:27 | Research | Gambesons |
| 46:28 | Research | Squires |
| 46:30 | Research | Arson |
| 51:22 | Build | Mining Camp |
| 51:55 | Build | Lumber Camp |
| 55:16 | Build | Town Center |
Match timeline
| 6:22 | DER ENERGIEBERATER · wall_segment Palisade Wall x25 |
| 8:16 | gub Gub · first_building Barracks |
| 8:23 | Thor Odinson · first_building Barracks |
| 10:34 | DER ENERGIEBERATER · wall_segment Palisade Wall x9 |
| 10:44 | steve · first_building Barracks |
| 10:55 | seniledogs · age_up feudal |
| 11:18 | steve · age_up feudal |
| 11:41 | gub Gub · age_up feudal |
| 11:56 | seniledogs · wall_segment Palisade Wall x1 |
| 12:36 | DER ENERGIEBERATER · first_building Barracks |
| 12:44 | Thor Odinson · age_up feudal |
| 13:11 | DER ENERGIEBERATER · wall_segment Palisade Wall x8 |
| 13:39 | DER ENERGIEBERATER · age_up feudal |
| 14:28 | ghurkghurk · age_up feudal |
| 14:41 | DER ENERGIEBERATER · wall_segment Palisade Wall x17 |
| 15:38 | steve · first_building Archery Range |
| 16:39 | DER ENERGIEBERATER · tribute_sent a jugador 1 |
| 16:39 | DER ENERGIEBERATER · tribute_sent a jugador 2 |
| 16:39 | DER ENERGIEBERATER · tribute_sent a jugador 4 |
| 16:39 | DER ENERGIEBERATER · tribute_sent a jugador 5 |
| 16:39 | DER ENERGIEBERATER · tribute_sent a jugador 6 |
| 17:54 | DER ENERGIEBERATER · tribute_sent a jugador 1 |
| 17:54 | DER ENERGIEBERATER · tribute_sent a jugador 2 |
| 17:54 | DER ENERGIEBERATER · tribute_sent a jugador 4 |
| 17:54 | DER ENERGIEBERATER · tribute_sent a jugador 5 |
| 17:54 | DER ENERGIEBERATER · tribute_sent a jugador 6 |
| 18:41 | seniledogs · first_building Barracks |
| 18:58 | gub Gub · first_market_buy 100 food |
| 20:16 | steve · first_building Stable |
| 21:56 | DER ENERGIEBERATER · age_up castle |
| 22:06 | steve · age_up castle |
| 22:28 | DER ENERGIEBERATER · first_building Castle |
| 22:42 | gub Gub · age_up castle |
| 22:54 | seniledogs · first_building Stable |
| 23:22 | ghurkghurk · age_up castle |
| 23:23 | steve · wall_segment Stone Wall x29 |
| 24:19 | steve · first_building Siege Workshop |
| 24:43 | DER ENERGIEBERATER · tribute_sent a jugador 1 |
| 24:43 | DER ENERGIEBERATER · tribute_sent a jugador 2 |
| 24:43 | DER ENERGIEBERATER · tribute_sent a jugador 4 |
| 24:43 | DER ENERGIEBERATER · tribute_sent a jugador 5 |
| 24:43 | DER ENERGIEBERATER · tribute_sent a jugador 6 |
| 25:05 | seniledogs · wall_segment Palisade Wall x3 |
| 25:05 | gub Gub · first_building Archery Range |
| 25:18 | DER ENERGIEBERATER · wall_segment Stone Wall x2 |
| 25:31 | ghurkghurk · first_building Castle |
| 25:32 | DER ENERGIEBERATER · wall_segment Stone Wall x36 |
| 25:49 | DER ENERGIEBERATER · wall_segment Stone Wall x9 |
| 25:54 | gub Gub · first_building Monastery |
| 26:56 | ghurkghurk · first_building Monastery |
| 27:06 | DER ENERGIEBERATER · first_market_sell 100 wood |
| 28:42 | steve · first_building Castle |
| 29:23 | DER ENERGIEBERATER · first_building Archery Range |
| 29:39 | seniledogs · age_up castle |
| 30:20 | gub Gub · first_building Castle |
| 31:01 | Thor Odinson · first_market_buy 100 food |
| 31:04 | Thor Odinson · first_market_sell 100 stone |
| 32:42 | DER ENERGIEBERATER · age_up imperial |
| 32:46 | ghurkghurk · wall_segment Stone Wall x13 |
| 33:47 | seniledogs · first_building Castle |
| 34:03 | ghurkghurk · wall_segment Stone Wall x18 |
| 36:03 | ghurkghurk · wall_segment Stone Wall x9 |
| 37:27 | ghurkghurk · wall_segment Stone Wall x10 |
| 37:58 | DER ENERGIEBERATER · tribute_sent a jugador 1 |
| 37:58 | DER ENERGIEBERATER · tribute_sent a jugador 2 |
| 37:58 | DER ENERGIEBERATER · tribute_sent a jugador 4 |
| 37:58 | DER ENERGIEBERATER · tribute_sent a jugador 5 |
| 37:58 | DER ENERGIEBERATER · tribute_sent a jugador 6 |
| 38:39 | gub Gub · age_up imperial |
| 40:15 | steve · age_up imperial |
| 40:15 | ghurkghurk · first_building Siege Workshop |
| 40:53 | Thor Odinson · age_up castle |
| 44:52 | ghurkghurk · first_building Barracks |
| 50:15 | Thor Odinson · first_building Castle |
| 51:52 | seniledogs · first_market_sell 500 stone |
| 51:58 | seniledogs · first_market_buy 100 food |
| 54:51 | gub Gub · first_building Siege Workshop |
| 57:42 | Thor Odinson · first_building Monastery |
| 57:51 | ghurkghurk · resign |
| 60:34 | Thor Odinson · age_up imperial |
[ AI ANALYSIS · 1 CREDIT ]
What really happened in this match?
Wolo.gg analyzes every decision: build order, eco, micro, common mistakes by bracket. Personalized analysis on WhatsApp or Discord in 30 seconds.
Civ guide
Teutons
Map guide
Arabia
Perfil
Jugador #911242